cohdb
Replays
Latest Replays
All Replays
Popular Replays
Top Player Replays
Match Explorer
How It Works
Community
CoH3 Stats
Reddit
Sign in to upload your games and track your stats! →
Sign in with Steam
Match 43458389
Unlisted
Match 43458389
Overview
Messages
Build Orders
End
Selects Italian Combined Arms Battlegroup
Selects Bersaglieri Squad
Bersaglieri Squad
Bersaglieri Squad
Kradschützen Motorcycle Team
Construct Light Support Kompanie
Bersaglieri Squad
Panzerjäger Squad
Fire Support Elements
Selects Bersaglieri Bolster
Assault Mechanized Group
Flakvierling Half-track
Panzerpioneer Squad
Construct Mechanized Kompanie
Selects Breda Model 30 Light Machine Guns
StuG III D Assault Gun
Selects Semovente da 75/18 Assault Gun
Selects Carro Armato M13/40 Light Tank
Vehicle Survival Package
254 Reconnaissance Tractor
Papperlapapp
嫂子开门我是我哥
JT
roshawnkne
Crappeur42
DMTriBorn2Party
0
0
Comments
sign in to comment!
No comments posted yet!